 Dungeon Crawl Stone Soup version 0.29.1-15-g9cfb28693d (webtiles) character file.

Game seed: 13528961944419672362

18 nightchill the Trooper (level 2, -1/20 HPs)
             Began as a Gargoyle Fighter on Mar 25, 2023.
             Frozen to death by an endoplasm (5 damage)
             ... on level 2 of the Dungeon.
             The game lasted 00:00:48 (705 turns).

nightchill the Trooper (Gargoyle Fighter)            Turns: 705, Time: 00:00:49

Health: -1/20      AC:  9    Str: 19    XL:     2   Next: 70%
Magic:  2/2        EV:  9    Int:  8    God:
Gold:   31         SH:  4    Dex:  9    Spells: 1/1 levels left

rFire   . . .      SeeInvis .   a - +0 flail
rCold   . . .      Faith    .   c - +0 buckler
rNeg    + . .      Spirit   .   b - +0 scale mail
rPois   ∞          Reflect  .   (no helmet)
rElec   +          Harm     .   (no cloak)
rCorr   .          Rampage  .   (no gloves)
Will    .....                   (no boots)
Stlth   ..........              (no amulet)
HPRegen 0.06/turn               (no ring)
MPRegen 0.08/turn               (no ring)

@: no status effects
A: sickness immunity, AC +2, negative energy resistance 1, electricity
resistance, torment resistance 1, petrification resistance
a: no special abilities


You were on level 2 of the Dungeon.
You visited 1 branch of the dungeon, and saw 2 of its levels.

You collected 31 gold pieces.

Inventory:

Hand Weapons
 a - a +0 flail (weapon)
Armour
 b - a +0 scale mail (worn)
 c - a +0 buckler (worn)
Jewellery
 g - a +6 ring of intelligence
Scrolls
 f - a scroll of immolation {unknown}
 h - 2 scrolls of identify {unknown}
 i - a scroll of fear {unknown}
 k - a scroll of summoning {unknown}
 l - a scroll of blinking {unknown}
Potions
 d - a potion of might
 e - a potion of ambrosia {unknown}
 j - a potion of lignification {unknown}


   Skills:
 + Level 3.6 Fighting
 * Level 2.8 Maces & Flails
 - Level 3.2 Armour
 - Level 3.2 Shields


You had one spell level left.
You didn't know any spells.
Your spell library was empty.

Dungeon Overview and Level Annotations

Branches:
Dungeon (2/15)

Altars:


Innate Abilities, Weirdness & Mutations

You are immune to sickness and miasma.
Your stone body is resilient. (AC +2)
You are immune to poison.
You resist negative energy. (rN+)
You are resistant to electric shocks. (rElec)
You are resistant to unholy torment.
You are immune to petrification.


Message History

You climb downwards.
The endoplasm quivers.
Found a fizzy white potion.
There is a stone staircase leading up here.
An endoplasm is nearby!
Found a scroll labelled TUOL TAFAOJ.
The endoplasm attacks as you move away! You block the endoplasm's attack.
There is a stone staircase leading up here.
You hit the endoplasm.
The endoplasm is severely wounded.
The endoplasm freezes you.
You are frozen.
You hit the endoplasm but do no damage.
The endoplasm is severely wounded.
The endoplasm freezes you.
You are frozen.
You barely miss the endoplasm.
The endoplasm is severely wounded.
The endoplasm freezes you.
You are frozen.
You hit the endoplasm but do no damage.
The endoplasm is severely wounded.
The endoplasm barely misses you. The endoplasm freezes you.
You are frozen.
* * * LOW HITPOINT WARNING * * *
You hit the endoplasm but do no damage.
The endoplasm is severely wounded.
The endoplasm freezes you.
You are frozen.
* * * LOW HITPOINT WARNING * * *
You hit the endoplasm but do no damage.
The endoplasm is severely wounded.
The endoplasm hits you but does no damage.
You barely miss the endoplasm.
The endoplasm is severely wounded.
You block the endoplasm's attack. The endoplasm freezes you.
You are frozen.
You die...

.#... #....
.... ...
##..
..#####.?
........###
....!...J@#
####..#####
...# ###


You could see an endoplasm.

Vanquished Creatures
  A dart slug (D:1)
  A ball python (D:1)
  A giant cockroach (D:1)
  4 goblins (D:1)
  A quokka (D:1)
  6 bats (D:1)
  2 frilled lizards (D:1)
16 creatures vanquished.

Notes
Turn   | Place    | Note
-------+----------+-------------------------------------------
     0 | D:1      | nightchill the Gargoyle Fighter began the quest for the
                  | Orb.
     0 | D:1      | Reached XP level 1. HP: 14/14 MP: 1/1
   263 | D:1      | Reached XP level 2. HP: 18/19 MP: 2/2
   705 | D:2      | Frozen to death by an endoplasm

Illustrated notes

Levels and vault maps discovered:
D:1:      dpeg_arrival_ternary, layout_rooms
D:2:      layout_basic, basic_altar, chequers_ecumenical_altar_simple,
          minivault_11, minivault_4

Action                   || total
-------------------------++-------
Melee: Flail             ||    58
Armor: Scale mail        ||    54
Dodge: Dodged            ||    47
Block: Buckler           ||    21
